 Dungeon Crawl Stone Soup version 0.31-a0-161-gb58dd9be76 (webtiles) character file.

Game seed: 6891673132527336729

732 qw the Chopper (level 7, 0/44 HPs)
             Began as a Gargoyle Fighter on June 12, 2023.
             Slain by Pikel
             ... wielding a +1 whip of freezing
              (5 damage)
             ... on level 4 of the Dungeon.
             The game lasted 00:01:50 (2688 turns).

qw the Chopper (Gargoyle Fighter)                   Turns: 2688, Time: 00:01:50

Health: 0/44       AC: 19    Str: 21    XL:     7   Next: 73%
Magic:  7/7        EV:  9    Int:  9    God:
Gold:   157        SH:  9    Dex:  9    Spells: 6/6 levels left

rFire   . . .        Y - +0 war axe
rCold   . . .        c - +0 buckler
rNeg    + . .        b - +0 scale mail
rPois   inf          n - +1 helmet
rElec   +            e - +1 cloak
rCorr   .            h - +1 pair of gloves
SInv    .            l - +0 pair of boots
Will    .....        k - amulet of reflection Stlth
                     (no ring)
HPRegen 0.27/turn    (no ring)
MPRegen 0.10/turn

%: reflection
@: about to teleport
A: sickness immunity, AC +4, negative energy resistance 1, electricity
resistance, torment resistance 1, petrification resistance
a: no special abilities


You were on level 4 of the Dungeon.
You visited 1 branch of the dungeon, and saw 4 of its levels.

You collected 157 gold pieces.


Innate Abilities, Weirdness & Mutations

You are immune to sickness and miasma.
Your stone body is resilient. (AC +4)
You are immune to poison.
You resist negative energy. (rN+)
You are resistant to electric shocks. (rElec)
You are resistant to unholy torment.
You are immune to petrification.


   Skills:
 - Level 5.5 Fighting
 + Level 6.6 Axes
 - Level 3.2 Armour
 - Level 1.0 Dodging
 - Level 3.2 Shields


You had 6 spell levels left.
You didn't know any spells.
Your spell library was empty.

Inventory:

Hand Weapons
 p - a +0 mace
 Y - a +0 war axe (weapon)
Armour
 b - a +0 scale mail (worn)
 c - a +0 buckler (worn)
 e - a +1 cloak (worn)
 h - a +1 pair of gloves (worn)
 l - a +0 pair of boots (worn)
 n - a +1 helmet (worn)
Jewellery
 k - an amulet of reflection (around neck)
Scrolls
 j - 3 scrolls of teleportation
 r - a scroll of identify
Potions
 d - a potion of might
 f - a potion of lignification {unknown}
 i - 2 potions of curing
 m - a potion of attraction

Dungeon Overview and Level Annotations

Branches:
Dungeon (4/15)
 Temple: D:4-7

Altars:
Qazlal

Shops:
D:4 :

Annotations:
D:4 Pikel


Message History

The lemure closely misses you. The lemure hits you but does no damage.
You barely miss the lemure.
The lemure is lightly wounded.
You hit Pikel.
Pikel is lightly wounded.
You closely miss Pikel.
Pikel is lightly wounded.
Pikel drinks a potion.
Pikel goes berserk!
You closely miss Pikel.
Pikel is lightly wounded.
Pikel hits you with a +1 whip of freezing!
Pikel freezes you.
Pikel hits you with a +1 whip of freezing.
Pikel freezes you.
You barely miss Pikel.
Pikel is lightly wounded.
You block Pikel's attack. Pikel hits you but does no damage.
A lemure comes into view.
You barely miss Pikel.
Pikel is lightly wounded.
You block Pikel's attack.
Pikel hits you with a +1 whip of freezing.
Pikel freezes you.
You hit Pikel but do no damage.
Pikel is lightly wounded.
Pikel hits you with a +1 whip of freezing!
Pikel freezes you.
You hit Pikel but do no damage.
Pikel is lightly wounded.
Pikel completely misses you. Pikel misses you.
You slash Pikel!
Pikel is moderately wounded.
You block Pikel's attack.
Pikel hits you with a +1 whip of freezing!
Pikel freezes you.
2688 ||| READING 4 scrolls of teleportation.
As you read the scroll of teleportation, it crumbles to dust.
You feel strangely unstable.
Pikel hits you with a +1 whip of freezing.
You die...

################ ##
#.@............###.
#K############.....
#5 #####. #5 #. #5
#. #5 #. #. #. ##
##. #..


You could see Pikel (berserk) and 4 lemures.

Vanquished Creatures
  Grinder (D:3)
  A black bear (D:4)
  A centaur (D:4)
  A jelly (D:4)
  An orc priest (D:3)
  Jessica (D:3)
  Ijyb (D:3)
  Natasha (twice) (D:3)
  Robin (D:3)
  3 adders
  4 gnolls (D:2)
  A shadow imp (D:4)
  2 worms
  4 dart slugs
  4 orcs (D:3)
  4 ball pythons
  5 endoplasms
  14 giant cockroaches
  21 goblins
  7 hobgoblins
  4 jackals (D:4)
  4 kobolds
  6 quokkas
  5 bats
  2 frilled lizards
  12 rats
112 creatures vanquished.

Notes
Turn   | Place    | Note
-------+----------+-------------------------------------------
     0 | D:1      | qw the Gargoyle Fighter began the quest for the Orb.
     0 | D:1      | Reached XP level 1. HP: 14/14 MP: 1/1
     0 | D:1      | 0 ||| qw: Version: 0.2-a-29-gc1b59c4
     0 | D:1      | 0 ||| qw: Game counter: 4243
     0 | D:1      | 0 ||| qw: Always use a shield: true
     0 | D:1      | 0 ||| qw: God list: Okawaru
     0 | D:1      | 0 ||| qw: Allow faded altars: false
     0 | D:1      | 0 ||| qw: Do Orc after D:15 true
     0 | D:1      | 0 ||| qw: Do second Lair branch before Depths: true
     0 | D:1      | 0 ||| qw: Lair rune preference: random
     0 | D:1      | 0 ||| qw: Plans: Normal, Zot:1-4, Slime:5, God:TSO, Crypt,
                  | Tomb, Abyss, Pan, Hells, Win
     0 | D:1      | 0 ||| PLANNING D:1-11
    56 | D:1      | Reached skill level 2 in Axes
   169 | D:1      | Reached XP level 2. HP: 19/19 MP: 2/2
   404 | D:1      | 404 ||| Stepping ~*~*~tactically~*~*~ (stealth).
   490 | D:1      | 490 ||| Stepping ~*~*~tactically~*~*~ (hiding).
   492 | D:1      | 492 ||| Stepping ~*~*~tactically~*~*~ (hiding).
   496 | D:1      | Reached skill level 3 in Axes
   741 | D:1      | Reached XP level 3. HP: 23/23 MP: 3/3
   814 | D:1      | Found a faded altar of an unknown god.
   848 | D:1      | 848 ||| UPGRADING to +0 pair of gloves.
   853 | D:1      | 853 ||| READING scroll labelled SOLONW ARGHO.
   854 | D:1      | 854 ||| READING 2 scrolls labelled NEAWIR CEMAU.
   855 | D:1      | 855 ||| READING 3 scrolls labelled DUROHU KYRONT.
   858 | D:1      | 858 ||| READING scroll labelled ZIOKOB BEILLU.
   859 | D:1      | 859 ||| READING scroll labelled YHUITE ZOZELOPH.
   860 | D:1      | 860 ||| READING scroll labelled LOTTIS YRHYUD.
   861 | D:1      | 861 ||| DRINKING 2 cyan potions.
   862 | D:1      | 862 ||| DROPPING scroll of amnesia.
   983 | D:2      | 983 ||| Stepping ~*~*~tactically~*~*~ (hiding).
  1204 | D:2      | 1204 ||| DROPPING +0 club.
  1244 | D:2      | Reached XP level 4. HP: 28/28 MP: 4/4
  1278 | D:2      | Reached skill level 4 in Axes
  1291 | D:2      | 1291 ||| Stepping ~*~*~tactically~*~*~ (stealth).
  1498 | D:2      | Reached XP level 5. HP: 27/32 MP: 5/5
  1648 | D:2      | 1648 ||| UPGRADING to +1 cloak.
  1653 | D:2      | 1653 ||| UPGRADING to +0 pair of boots.
  1658 | D:2      | 1658 ||| DROPPING ring of flight.
  1659 | D:2      | 1659 ||| DRINKING 2 bubbling red potions.
  1660 | D:2      | 1660 ||| DRINKING 2 silvery potions.
  1702 | D:3      | Found a stormy altar of Qazlal.
  1746 | D:3      | Noticed Natasha
  1747 | D:3      | 1747 ||| Stepping ~*~*~tactically~*~*~ (hiding).
  1750 | D:3      | 1750 ||| Stepping ~*~*~tactically~*~*~ (stealth).
  1756 | D:3      | Killed Natasha
  1759 | D:3      | Reached skill level 5 in Axes
  1760 | D:3      | Noticed Ijyb
  1761 | D:3      | 1761 ||| Stepping ~*~*~tactically~*~*~ (hiding).
  1766 | D:3      | 1766 ||| Stepping ~*~*~tactically~*~*~ (hiding).
  1778 | D:3      | HP: 8/32 [constriction (2)]
  1779 | D:3      | 1779 ||| READING 4 scrolls of teleportation.
  1780 | D:3      | 1780 ||| DRINKING potion of heal wounds.
  1783 | D:3      | Noticed Grinder
  1792 | D:3      | 1792 ||| FLEEEEING.
  1793 | D:3      | 1793 ||| FLEEEEING.
  1799 | D:3      | 1799 ||| Stepping ~*~*~tactically~*~*~ (hiding).
  1800 | D:3      | 1800 ||| Stepping ~*~*~tactically~*~*~ (hiding).
  1801 | D:3      | 1801 ||| Stepping ~*~*~tactically~*~*~ (hiding).
  1802 | D:3      | 1802 ||| Stepping ~*~*~tactically~*~*~ (hiding).
  1803 | D:3      | 1803 ||| Stepping ~*~*~tactically~*~*~ (hiding).
  1808 | D:3      | Paralysed by Grinder for 3 turns
  1821 | D:3      | Paralysed by Grinder for 4 turns
  1826 | D:3      | Killed Grinder
  1827 | D:3      | Reached XP level 6. HP: 36/40 MP: 6/6
  1845 | D:3      | 1845 ||| Stepping ~*~*~tactically~*~*~ (stealth).
  1928 | D:3      | 1928 ||| Stepping ~*~*~tactically~*~*~ (stealth).
  2042 | D:3      | 2042 ||| Stepping ~*~*~tactically~*~*~ (stealth).
  2062 | D:3      | Killed Ijyb
  2063 | D:3      | Reached skill level 1 in Dodging
  2094 | D:3      | 2094 ||| Stepping ~*~*~tactically~*~*~ (hiding).
  2114 | D:3      | 2114 ||| Stepping ~*~*~tactically~*~*~ (stealth).
  2121 | D:3      | 2121 ||| Stepping ~*~*~tactically~*~*~ (hiding).
  2126 | D:3      | Noticed Robin
  2129 | D:3      | Reached XP level 7. HP: 38/44 MP: 7/7
  2129 | D:3      | 2129 ||| Stepping ~*~*~tactically~*~*~ (hiding).
  2136 | D:3      | Killed Robin
  2143 | D:3      | 2143 ||| FLEEEEING.
  2144 | D:3      | 2144 ||| FLEEEEING.
  2145 | D:3      | 2145 ||| FLEEEEING.
  2146 | D:3      | 2146 ||| STAIRDANCE
  2161 | D:2      | 2161 ||| UPGRADING to amulet of reflection.
  2166 | D:2      | 2166 ||| DROPPING amulet of regeneration.
  2167 | D:2      | 2167 ||| READING 2 scrolls labelled SIRPHA WUPNI.
  2168 | D:2      | 2168 ||| READING scroll of enchant armour.
  2168 | D:2      | 2168 ||| ENCHANTING +0 pair of gloves.
  2169 | D:2      | 2169 ||| READING scroll labelled UMOTEM ROBI.
  2170 | D:2      | 2170 ||| READING 3 scrolls labelled SUIRHI GACSEC.
  2271 | D:2      | 2271 ||| DROPPING 2 scrolls of silence.
  2286 | D:3      | 2286 ||| DROPPING +0 whip.
  2431 | D:3      | 2431 ||| UPGRADING to +1 helmet.
  2436 | D:3      | 2436 ||| READING 2 scrolls of identify.
  2436 | D:3      | 2436 ||| IDENTIFYING murky ruby potion
  2437 | D:3      | 2437 ||| DROPPING potion of brilliance.
  2446 | D:3      | Noticed Jessica
  2447 | D:3      | 2447 ||| Stepping ~*~*~tactically~*~*~ (stealth).
  2449 | D:3      | 2449 ||| Stepping ~*~*~tactically~*~*~ (hiding).
  2450 | D:3      | 2450 ||| Stepping ~*~*~tactically~*~*~ (hiding).
  2451 | D:3      | 2451 ||| Stepping ~*~*~tactically~*~*~ (hiding).
  2452 | D:3      | 2452 ||| Stepping ~*~*~tactically~*~*~ (hiding).
  2455 | D:3      | Killed Jessica
  2483 | D:3      | Noticed Natasha
  2491 | D:3      | Killed Natasha
  2495 | D:3      | 2495 ||| DRINKING 2 bubbling coppery potions.
  2496 | D:3      | 2496 ||| DROPPING potion of enlightenment.
  2521 | D:4      | 2521 ||| PLANNING SEWER
  2535 | D:4      | Reached skill level 6 in Axes
  2554 | D:4      | Found Judinud's Book Emporium.
  2557 | D:4      | 2557 ||| Stepping ~*~*~tactically~*~*~ (stealth).
  2558 | D:4      | 2558 ||| Stepping ~*~*~tactically~*~*~ (stealth).
  2675 | D:4      | Noticed Pikel
  2687 | D:4      | HP: 5/44 [Pikel/+1 whip of freezing (11)]
  2688 | D:4      | 2688 ||| READING 4 scrolls of teleportation.
  2688 | D:4      | Slain by Pikel

Levels and vault maps discovered:
D:1:      dpeg_arrival_arbitrary_b, layout_loops_cross,
          hellmonk_ecumenical_altar_leap_of_faith,
          chequers_serial_rivers_small_b, hangedman_decor_clover_reticule,
          minmay_misc_feat_alley, minmay_rat_gold_closets
D:2:      minmay_roachtagon, layout_basic, minmay_tripent
D:3:      layout_rooms, general_overflow_altar, uniq_ijyb, uniq_jessica,
          uniq_grinder, uniq_natasha, uniq_robin
D:4:      layout_loops_ring, gup_sewer_entry_bowl, serial_shops, shop,
          uniq_pikel

Skill      XL: |  1  2  3  4  5  6  7 |
---------------+----------------------+-----
Axes           | 2 3 4 5 6 |  6.6
Fighting       | 5 |  5.5
Dodging        | 1 |  1.0
Armour         | |  3.2
Shields        | |  3.2

Action                     |  1- 3 |  4- 6 |  7- 9 || total
---------------------------+-------+-------+-------++-------
  Melee: War axe           |    97 |   156 |    67 ||   320
    Use: Scroll            |     6 |     1 |     6 ||    13
         Potion            |     1 |     3 |     1 ||     5
 Armour: Scale mail        |    38 |    90 |    29 ||   157
  Dodge: Dodged            |    37 |    58 |    24 ||   119
  Block: Buckler           |    14 |    37 |    25 ||    76
         Reflection        |       |       |     3 ||     3

Table legend:
 A = Non-vault XP
 B = Vault XP
 C = Vault XP percentage of total XP
 D = Non-vault monster count
 E = Vault monster count
 F = Vault count percentage of total count
                 A         B        C        D         E       F
            +---------+---------+-------+---------+---------+-------
      Total |     596 |     451 |  43.1 |      74 |      38 |  33.9
            +---------+---------+-------+---------+---------+-------
        D:1 |      33 |       9 |  21.4 |      15 |       9 |  37.5
        D:2 |     103 |      26 |  20.2 |      23 |      14 |  37.8
        D:3 |     144 |     416 |  74.3 |      23 |      15 |  39.5
        D:4 |     316 |       0 |   0.0 |      13 |       0 |   0.0
            +---------+---------+-------+---------+---------+-------
